 Dungeon Sprint DCSS version 0.26-a0-1002-g7355149c4d (webtiles) character file.

Game seed: 2172240188428655848

2917 mhtbhm the Fencer (level 9, -5/132 HPs)
             Began as a Barachi Berserker on Dec 6, 2020.
             Was a High Priest of Trog.
             Slain by a 12-headed hydra (13 damage)
             ... in the Dungeon (Sprint IX: "|||||||||||||||||||||||||||||").
             The game lasted 00:01:20 (999 turns).

mhtbhm the Fencer (Barachi Berserker)                Turns: 999, Time: 00:01:20

Health: -5/132     AC: 11    Str: 27    XL:     9   Next: 79%
Magic:  9/9        EV: 17    Int:  7    God:    Trog [*****.]
Gold:   8          SH:  0    Dex: 13    Spells: 8/8 levels left

rFire    . . .     SeeInvis .   a - +0 falchion
rCold    . . .     Faith    .   (no shield)
rNeg     . . .     Spirit   .   b - +2 ring mail
rPois    .         Reflect  .   (no helmet)
rElec    .         Harm     .   m - +0 cloak
rCorr    .         Rampage  .   l - +0 pair of gloves
Will     .....     NoTele   +   (no boots)
Stlth    ..........             (no amulet)
HPRegen  0.32/turn              n - +3 ring of strength
MPRegen  0.11/turn              o - +3 ring of strength

@: berserking, lethally poisoned (-5 -> -7), quick
A: +LOS, swims, slowness 1, strong legs 1
a: Hop, Berserk, Trog's Hand, Brothers in Arms, Renounce Religion


You were in the Dungeon.
You worshipped Trog.
Trog was extremely pleased with you.
You visited 1 branch You collected 8 gold pieces.

Inventory:

Hand Weapons
 a - a +0 falchion (weapon)
Armour
 b - a +2 ring mail (worn)
 l - a +0 pair of gloves (worn)
 m - a +0 cloak (worn)
Jewellery
 n - a +3 ring of strength (left hand)
 o - a +3 ring of strength (right hand)
 p - an uncursed ring of stealth
Wands
 k - a wand of iceblast (10)
Scrolls
 h - 2 scrolls of blinking
 j - 4 scrolls of remove curse
 q - 2 scrolls of enchant armour
 r - a scroll of fog
 s - a scroll of identify
 t - a scroll of fear
Potions
 c - 8 potions of curing
 d - 7 potions of heal wounds
 e - 2 potions of haste
 f - 4 potions of magic
 g - a potion of berserk rage
 i - a potion of invisibility


   Skills:
 + Level 14.7 Fighting
 + Level 16.2 Long Blades
 + Level 8.8 Armour
 + Level 10.3 Dodging


You had 8 spell levels left.
You didn't know any spells.
Your spell library was empty.

Dungeon Overview and Level Annotations

Branches:
Dungeon (1/1)

Altars:
Cheibriados
Dithmenos
Elyvilon
Fedhas
Gozag
Hepliaklqana
Kikubaaqudgha
Makhleb
Nemelex Xobeh
Okawaru
Qazlal
Ru
Sif Muna
Trog
Uskayaw
Vehumet
Wu Jian
Xom
Yredelemnul
Zin
The Shining One
Beogh
Jiyva
Lugonu


Innate Abilities, Weirdness & Mutations

You can be seen from farther away. (+LOS)
You can swim through water.
You cover ground slowly.
You can hop short distances.


Message History

* * * LOW HITPOINT WARNING * * *
The 11-headed hydra bites you!
* * * LOW HITPOINT WARNING * * *
The 11-headed hydra misses you.
You hack one of the 11-headed hydra's heads off!
The ten-headed hydra grows two more!
You hit the 12-headed hydra.
The 12-headed hydra is moderately wounded.
You feel sick.
Unknown command.
Your ring mail prevents you from hitting the 12-headed hydra.
The 12-headed hydra is moderately wounded.
The 12-headed hydra bites you but does no damage.
The 12-headed hydra misses you.
The 12-headed hydra bites you but does no damage.
The 12-headed hydra bites you.
* * * LOW HITPOINT WARNING * * *
The 12-headed hydra closely misses you. The 12-headed hydra bites you!
* * * LOW HITPOINT WARNING * * *
The 12-headed hydra bites you!
You die...

▓.▓.▓†▓
▓[▓.▓.▓
▓.▓.▓.▓
▓.▓.▓.▓
▓.▓.▓'▓
▓.▓.▓_▓
▓.▓.▓_▓
▓.▓.▓_▓
▓@▓.▓_▓
▓D▓.▓_▓
▓F▓.▓_▓
▓F▓.▓_▓
▓Y▓.▓_▓
▓F▓.▓_▓
▓l▓.▓_▓
▓Y▓.▓_▓
▓.▓.▓_▓


You could see a 12-headed hydra, a komodo dragon, 2 yaks, a cane toad and 2
bullfrogs.

Vanquished Creatures
  2 two-headed ogres (D)
  A centaur warrior (D)
  A cane toad (D)
  A hornet (D)
  An eye of draining (D)
  An ice beast (D)
  2 ogres (D)
  2 scorpions (D)
  A howler monkey (D)
  A hound (D)
  2 iguanas (D)
  An ooze (D)
  A bat skeleton (D)
  A giant cockroach (D)
  A hobgoblin (D)
  2 bats (D)
  A giant cockroach zombie (D)
  A kobold (D)
23 creatures vanquished.

Notes
Turn   | Place    | Note
-------+----------+-------------------------------------------
     0 | D        | mhtbhm the Barachi Berserker began the quest for the Orb.
     0 | D        | Reached XP level 1. HP: 18/18 MP: 1/1
    11 | D        | Reached skill level 4 in Long Blades
    14 | D        | Reached ** piety under Trog
    16 | D        | Reached XP level 2. HP: 19/26 MP: 2/2
   170 | D        | Noticed an ogre
   170 | D        | Noticed an ice beast
   170 | D        | Noticed a scorpion
   170 | D        | Noticed a scorpion
   173 | D        | Killed an ogre
   174 | D        | Reached skill level 7 in Long Blades
   174 | D        | Reached XP level 3. HP: 21/36 MP: 3/3
   174 | D        | Reached XP level 4. HP: 25/43 MP: 4/4
   179 | D        | Killed an ice beast
   179 | D        | Reached *** piety under Trog
   180 | D        | Reached skill level 9 in Long Blades
   180 | D        | Reached XP level 5. HP: 31/51 MP: 5/5
   184 | D        | Reached skill level 10 in Long Blades
   184 | D        | Reached XP level 6. HP: 36/58 MP: 6/6
   189 | D        | Reached skill level 5 in Dodging
   318 | D        | Found a roughly hewn altar of Beogh.
   318 | D        | Found a snail-covered altar of Cheibriados.
   318 | D        | Found a shadowy altar of Dithmenos.
   318 | D        | Found a white marble altar of Elyvilon.
   318 | D        | Found a blossoming altar of Fedhas.
   318 | D        | Found an opulent altar of Gozag.
   318 | D        | Found a hazy altar of Hepliaklqana.
   319 | D        | Found a viscous altar of Jiyva.
   320 | D        | Found an ancient bone altar of Kikubaaqudgha.
   321 | D        | Found a corrupted altar of Lugonu.
   322 | D        | Found a burning altar of Makhleb.
   323 | D        | Found a sparkling altar of Nemelex Xobeh.
   324 | D        | Found an iron altar of Okawaru.
   325 | D        | Found a stormy altar of Qazlal.
   326 | D        | Found a sacrificial altar of Ru.
   327 | D        | Found a shimmering blue altar of Sif Muna.
   328 | D        | Found a bloodstained altar of Trog.
   329 | D        | Found a hide-covered altar of Uskayaw.
   330 | D        | Found a radiant altar of Vehumet.
   331 | D        | Found an ornate altar of the Wu Jian Council.
   332 | D        | Found a shimmering altar of Xom.
   333 | D        | Found a basalt altar of Yredelemnul.
   334 | D        | Found a glowing silver altar of Zin.
   335 | D        | Found a glowing golden altar of the Shining One.
   386 | D        | Noticed a two-headed ogre
   394 | D        | Reached **** piety under Trog
   395 | D        | Reached skill level 10 in Fighting
   395 | D        | Reached skill level 5 in Armour
   401 | D        | Killed a two-headed ogre
   402 | D        | Reached skill level 13 in Long Blades
   402 | D        | Reached XP level 7. HP: 60/71 MP: 7/7
   402 | D        | Reached XP level 8. HP: 65/77 MP: 8/8
   548 | D        | Noticed a hornet
   548 | D        | Noticed a two-headed ogre
   548 | D        | Noticed a centaur warrior
   555 | D        | Killed a hornet
   555 | D        | Reached ***** piety under Trog
   561 | D        | Killed a two-headed ogre
   562 | D        | Reached skill level 14 in Long Blades
   562 | D        | Reached XP level 9. HP: 86/86 MP: 0/9
   565 | D        | Reached skill level 15 in Long Blades
   584 | D        | Killed a centaur warrior
   584 | D        | Received a gift from Trog
   585 | D        | Reached skill level 10 in Dodging
   980 | D        | Noticed a cane toad
   980 | D        | Noticed a cane toad
   980 | D        | Noticed a five-headed hydra
   980 | D        | Noticed a komodo dragon
   987 | D        | Killed a cane toad
   988 | D        | Reached skill level 16 in Long Blades
   999 | D        | Slain by a 12-headed hydra

Illustrated notes

Levels and vault maps discovered:
D:        linesprint [early_d, line_temple, items_1, d_10, items_2, lair_1,
          lair_end, items_3, orc_1, orc_end, items_4, d_15, swamp_1, shoals_1,
          snake_1, spider_1, d_20, vaults_1, items_5, swamp_end, shoals_end,
          snake_end, spider_end, vaults_end, d_27, items_6, zot_1, zot_end,
          crypt_end, forest_end, elf_end, slime_end, tomb_end, abyss_end,
          pan_hell_end]

Skill      XL: |  1  2  3  4  5  6  7  8  9 |
---------------+----------------------------+-----
Fighting       | 4 7 8 9 12 13 14 | 14.7
Long Blades    | 4 7 9 10 13 14 16 | 16.2
Armour         | 3 4 6 7 8 |  8.8
Dodging        | 3 4 7 9 10 | 10.3

Action                   |  1- 3 |  4- 6 |  7- 9 || total
-------------------------+-------+-------+-------++-------
Melee: Falchion          |    14 |    32 |    55 ||   101
Invok: Berserk           |     2 |     1 |     2 ||     5
Armor: Animal skin       |     3 |     2 |       ||     5
       Ring mail         |       |     1 |    12 ||    13
Dodge: Dodged            |     7 |    16 |    29 ||    52
       Rpst.: Falchion   |     3 |     5 |     9 ||    17

Table legend: (Time is in decaauts)
 A = Elapsed time spent in this place.
 B = Non-inter-level travel time spent in this place.
 C = Inter-level travel time spent in this place.
 D = Time resting spent in this place.
 E = Time spent auto-exploring this place.
 F = Levels seen in this place.
 G = Mean time per level.
                   A        B        C        D        E       F      G
               +--------+--------+--------+--------+--------+-----+--------+
         Total |   1033 |   1033 |      0 |    428 |    369 |   1 | 1033.0 |
       Dungeon |   1033 |   1033 |      0 |    428 |    369 |   1 | 1033.0 |
               +--------+--------+--------+--------+--------+-----+--------+

Top non-repeatable levels by time:
       D: 1033 daAuts
